 Dungeon Crawl Stone Soup version 0.27.1-34-g3ba077fa99 (webtiles) character file.

Game seed: 3563033056037694130

280 vvl the Stinger (level 6, -2/45 HPs)
             Began as a Demonspawn Venom Mage on Jan 13, 2022.
             Succumbed to a hornet's poison
             ... on level 4 of the Dungeon.
             The game lasted 00:10:28 (4640 turns).

vvl the Stinger (Demonspawn Venom Mage)             Turns: 4640, Time: 00:10:28

Health: -2/45      AC:  3    Str:  8    XL:     6   Next: 5%
Magic:  6/9        EV: 12    Int: 19    God:
Gold:   185        SH:  0    Dex: 13    Spells: 5/10 levels left

rFire    . . .     SeeInvis .   b - +0 short sword
rCold    . . .     Faith    .   (no shield)
rNeg     . . .     Spirit   .   a - +0 robe
rPois    .         Reflect  .   (helmet restricted)
rElec    .         Harm     .   (no cloak)
rCorr    .         Rampage  .   (no gloves)
Will     +....                  (no boots)
Stlth    ++........             j - amulet of the acrobat
HPRegen  0.15/turn              m - ring of willpower
MPRegen  0.11/turn              (no ring)

@: brilliant, lethally poisoned (-2 -> -19), flying, slowed, very slow
A: antennae 1, rugged brown scales 1, powered by death 1, spiny 1
a: no special abilities


You were on level 4 of the Dungeon.
You visited 1 branch of the dungeon, and saw 4 of its levels.

You collected 185 gold pieces.

Inventory:

Hand Weapons
 b - a +0 short sword (weapon)
Missiles
 g - 27 bolts
Armour
 a - a +0 robe (worn)
Jewellery
 f - an amulet of guardian spirit
 j - an amulet of the acrobat (around neck)
 m - a ring of willpower (left hand)
Scrolls
 c - 2 scrolls of magic mapping
 d - a scroll of noise {unknown}
 h - 2 scrolls of enchant armour {unknown}
 i - a scroll of teleportation {unknown}
 l - 2 scrolls of identify {unknown}
 o - a scroll of holy word {unknown}
Potions
 e - a potion of brilliance
 k - a potion of curing {unknown}
 n - a potion of flight


   Skills:
 + Level 1.7 Fighting
 + Level 1.6 Armour
 + Level 2.4 Dodging
 - Level 2.0 Stealth
 + Level 2.6 Spellcasting
 + Level 1.9 Conjurations
 + Level 1.0 Necromancy
 + Level 1.9 Transmutations
 * Level 4.2 Poison Magic


You had 5 spell levels left.
You knew the following spells:

 Your Spells              Type           Power      Damage    Failure   Level
a - Sting                 Tmut/Pois      84%        1d7       4%          1
b - Olgreb's Toxic Radia  Pois           27%        N/A       28%         4

Your spell library contained the following spells:

 Spells                   Type           Power      Damage    Failure   Level
 Magic Dart               Conj           56%        1d5       8%          1
 Poisonous Vapours        Pois/Air       30%        N/A       10%         2
 Animate Skeleton         Necr           18%        N/A       11%         1
 Pain                     Necr           36%        1d5       11%         1
 Searing Ray              Conj           28%        3d4       11%         2
 Corpse Rot               Necr/Air       N/A        N/A       21%         2
 Mephitic Cloud           Conj/Pois/Air  15%        N/A       21%         3
 Vampiric Draining        Necr           4%         2d6       30%         3
 Portal Projectile        Hex/Tloc       6%         N/A       43%         3
 Fulminant Prism          Conj/Hex       4%         3d6       71%         4
 Blade Hands              Tmut           7%         N/A       89%         5
 Excruciating Wounds      Necr           4%         N/A       96%         5
 Freezing Cloud           Conj/Ice/Air   3%         6-21      98%         5


Dungeon Overview and Level Annotations

Branches:
Dungeon (4/15)
 Temple: D:4-7

Altars:
Okawaru
Zin

Shops:
D:2 (


Innate Abilities, Weirdness & Mutations

You have a pair of small antennae on your head.
You are partially covered in rugged brown scales. (AC +1, +3% HP)
You regenerate a little health from kills.
You are partially covered in sharp spines.


Message History

The adder is heavily wounded.
The adder is struck by your spines. The adder barely misses you.
You hit the adder.
You kill the adder!
No target in view!
There is a shaft here.
Found a fizzy silvery potion.
A hornet comes into view.
A hornet is nearby!
The hornet buzzes angrily.
The sting hits the hornet but does no damage.
The hornet is poisoned.
The sting hits the hornet but does no damage.
The hornet looks even sicker.
The hornet is lightly wounded.
The hornet stings you.
You feel yourself slow down.
The sting hits the hornet but does no damage.
The hornet looks even sicker.
The hornet is lightly wounded.
The hornet barely misses you. The hornet stings you!
You are poisoned.
You suddenly lose the ability to move!
The hornet is struck by your spines. The hornet stings you!
You feel as though you will be slow longer.
You feel very sick. The hornet is struck by your spines. The hornet stings you!
* * * LOW HITPOINT WARNING * * *
You are more poisoned.
You feel as though you will be slow longer.
You can move again.
It was a potion of brilliance.
You feel clever all of a sudden.
* * * LOW HITPOINT WARNING * * *
You feel extremely sick. The hornet is struck by your spines.
The hornet barely misses you. The hornet is struck by your spines.
The hornet barely misses you.
It was a potion of flight.
You feel very buoyant.
You fly up into the air.
You die...

####.....#......###
.........##....##
###.....###..#..###
#.#####*#.##.##.#
**#.##*.#.#.#..^..##
,,#..#....#.###....#
**#.........#.##..##
#.##........!...##
###.#..........#@..#
...........#.#.#y..#
...........#,#,..###
.........###,*##.#
......##.#,,,,,#.#
....(##*,#*****#.#
.##....*,≈≈≈≈≈≈≈.#
.##..###,******#.#
.##### *,*,,,,,*,*


You could see a hornet (very poisoned).

Vanquished Creatures
  An ice beast (D:4)
  A jelly (D:4)
  An iguana (D:4)
  2 hound skeletons (D:4)
  2 adders
  A white imp (D:3)
  2 worms
  3 dart slugs (D:1)
  2 orcs
  2 bats (D:2)
  An endoplasm (D:1)
  4 giant cockroaches
  7 hobgoblins
  4 jackals (D:3)
  13 kobolds
  4 quokkas
  3 ball pythons
  4 frilled lizards
  5 goblins
  6 rats
68 creatures vanquished.

Notes
Turn   | Place    | Note
-------+----------+-------------------------------------------
     0 | D:1      | vvl the Demonspawn Venom Mage began the quest for the Orb.
     0 | D:1      | Reached XP level 1. HP: 13/13 MP: 3/3
    20 | D:1      | Found a faded altar of an unknown god.
    97 | D:1      | Reached skill level 1 in Transmutations
   318 | D:1      | Gained mutation: You are partially covered in rugged brown
                  | scales. (AC +1, +3% HP) [demonic ancestry]
   318 | D:1      | Reached XP level 2. HP: 13/20 MP: 1/5
   985 | D:1      | Reached XP level 3. HP: 25/25 MP: 3/6
  1844 | D:2      | Found Cath's Weapon Shop.
  2421 | D:2      | Reached skill level 1 in Fighting
  2421 | D:2      | Reached skill level 1 in Conjurations
  2750 | D:3      | Gained mutation: You are partially covered in sharp spines.
                  | [demonic ancestry]
  2750 | D:3      | Reached XP level 4. HP: 30/32 MP: 4/7
  3158 | D:3      | Found an iron altar of Okawaru.
  3823 | D:4      | Reached skill level 1 in Armour
  4079 | D:4      | Gained mutation: You have a pair of small antennae on your
                  | head. [demonic ancestry]
  4079 | D:4      | Reached XP level 5. HP: 33/38 MP: 5/8
  4170 | D:4      | Reached skill level 4 in Poison Magic
  4261 | D:4      | Noticed an ice beast
  4291 | D:4      | Killed an ice beast
  4292 | D:4      | Reached skill level 1 in Necromancy
  4292 | D:4      | Gained mutation: You regenerate a little health from kills.
                  | [demonic ancestry]
  4292 | D:4      | Reached XP level 6. HP: 6/45 MP: 5/9
  4573 | D:4      | Learned a level 4 spell: Olgreb's Toxic Radiance
  4632 | D:4      | Noticed a hornet
  4637 | D:4      | Paralysed by a hornet for 2 turns
  4640 | D:4      | Succumbed to a hornet's poison

Illustrated notes

Levels and vault maps discovered:
D:1:      pf_arrival_petrified_forest, layout_loops_ring,
          ebering_ecumenical_altar_mist, minmay_pentomino_v4
D:2:      minmay_chambers_of_ones, layout_loops_ring, serial_shops,
          nicolae_shop_window_shopping
D:3:      layout_loops_corners, mainiacjoe_overflow_catch_the_wave
D:4:      layout_cave_pools, serial_column_ruins, column_ruins_columns_dead_end,
          column_ruins_grid_4, column_ruins_corridor_dead_end,
          column_ruins_open_large, grunt_decor_cap, roderic_batcave,
          chequers_serial_rivers_micro_d, chequers_jeans

Skill      XL: |  1  2  3  4  5 |
---------------+----------------+-----
Transmutations | 1 |  1.9
Stealth        | 2 |  2.0
Fighting       | 1 |  1.7
Dodging        | 2 |  2.4
Conjurations   | 1 |  1.9
Armour         | 1 |  1.6
Poison Magic   | 4 |  4.2
Necromancy     | 1 |  1.0
Spellcasting   | |  2.6

Action                   |  1- 3 |  4- 6 || total
-------------------------+-------+-------++-------
Melee: Short sword       |    85 |    38 ||   123
       Unarmed           |     1 |       ||     1
 Cast: Sting             |    49 |    33 ||    82
  Use: Potion            |       |     2 ||     2
       Scroll            |       |     1 ||     1
 Stab: Sleeping          |     2 |       ||     2
Armor: Robe              |    22 |     1 ||    23
Dodge: Dodged            |    61 |    37 ||    98
